 Dungeon Crawl Stone Soup version 0.17.1-1-g73c8601 (webtiles) character file.

74 Barberik the Insei (level 4, -4/28 HPs)
             Began as an Octopode Transmuter on Feb 13, 2016.
             Slain by an adder (5 damage)
             ... on level 2 of the Dungeon.
             The game lasted 00:07:19 (1896 turns).

Barberik the Insei (Octopode Transmuter)            Turns: 1896, Time: 00:07:19

Health: -4/28      AC:  1    Str:  7 (9)  XL:     4   Next: 30%
Magic:  2/7        EV: 12    Int: 16      God:
Gold:   63         SH:  0    Dex: 12      Spells: 3 memorised, 1 level left

rFire  . . .     SeeInvis .       - Unarmed
rCold  . . .     Clarity  .     (no shield)
rNeg   . . .     SustAt   .     (helmet restricted)
rPois  .         Gourm    .     (no amulet)
rElec  .         Spirit   .     (no ring)
rCorr  .         Warding  .     (no ring)
rMut   .         Stasis   .     (no ring)
MR     .....                    (no ring)
Stlth  +++.......               (no ring)
                                (no ring)
                                (no ring)
                                (no ring)

@: lethally poisoned (-4 -> -7), not resistant to hostile enchantments, fairly
stealthy
A: almost no armour, amphibious, 8 rings, constrict 8, camouflage 1, gelatinous
body 1
a: no special abilities


You were on level 2 of the Dungeon.
You were hungry.

You visited 1 branch of the dungeon, and saw 2 of its levels.

You collected 63 gold pieces.

Inventory:

Hand Weapons
 b - a +0 hunting sling
Missiles
 a - 38 arrows
 i - 15 steel sling bullets
 j - 21 sling bullets
 k - 97 stones (quivered)
Scrolls
 e - a scroll of enchant armour {unknown}
 g - a scroll of enchant weapon {unknown}
 l - a scroll of magic mapping {unknown}
 m - a scroll of teleportation {unknown}
Books
 h - a book of Changes

   Spells                             Type                      Level
   a - Beastly Appendage              Transmutation                1
   b - Sticks to Snakes               Transmutation                2
   c - Spider Form                    Transmutation/Poison         3
   d - Ice Form                       Ice/Transmutation            4
   e - Blade Hands                    Transmutation                5
Comestibles
 c - 3 bread rations
 d - a beef jerky
 f - a meat ration
 n - 2 chunks of flesh


   Skills:
 + Level 1.3 Fighting
 * Level 1.0 Slings
 - Level 2.4 Dodging
 - Level 1.1 Stealth
 * Level 3.7 Unarmed Combat
 + Level 2.1 Spellcasting
 * Level 2.7 Transmutations
 * Level 0.2 Poison Magic


You had one spell level left.
You knew the following spells:

 Your Spells              Type           Power        Failure   Level  Hunger
a - Beastly Appendage     Trmt           ##....       10%         1    #......
b - Sticks to Snakes      Trmt           ##........   12%         2    ###....
c - Spider Form           Trmt/Pois      #.........   34%         3    ###....


Dungeon Overview and Level Annotations

Branches:
Dungeon (2/15)

Altars:


Innate Abilities, Weirdness & Mutations

You cannot wear most types of armour.
You are amphibious.
You can wear up to eight rings at the same time.
You can use your tentacles to constrict eight enemies at once.
Your skin changes colour to match your surroundings (Stealth).
Your rubbery body absorbs attacks (AC +1).


Message History

* * * LOW HITPOINT WARNING * * *
Your ball python closely misses the adder.
Your ball python barely misses the adder.
Your ball python bites the adder.
Your ball python closely misses the adder.
The adder closely misses you.
Something misses the adder.
Something barely misses the adder.
Your magical contamination has completely faded away.
The adder bites you.
* * * LOW HITPOINT WARNING * * *
You are lethally poisoned!
The adder poisons you!
Your ball python closely misses the adder. x2
Unknown command.
* * * LOW HITPOINT WARNING * * *
You feel sick.
You aren't carrying any potions.
* * * LOW HITPOINT WARNING * * *
You feel sick. The adder bites you.
You die...

#.......##########.
###.).....# #.
#.........# #.
#.#######.# ## #.#
#.# # #†# #.# ##
#.# #.# #.
###.#######.######
#.
#....S@.....)....#
#.
#.÷.S######)####.#
#. ##.....## #.#
#.# #.
###.......####.#
#.# #.
...........#...#
#.# #.
###........#.###
#.# #. ##.....#.#.#
#.. #.
#....##.#.#### ###
#. #.#...S......#
#.


You could see an adder and a friendly ball python.

Vanquished Creatures
  A gnoll (D:1)
  2 adders (D:2)
  An ooze (D:1)
  3 worms (D:2)
  A giant gecko (D:2)
  A giant cockroach (D:2)
  3 hobgoblins
  A quokka (D:2)
  A ball python (D:2)
  6 bats
  3 giant newts
  5 goblins
  A jackal (D:1)
  3 kobolds (D:1)
  4 rats
36 creatures vanquished.

Vanquished Creatures (collateral kills)
  A hobgoblin (D:2)
  A kobold (D:2)
2 creatures vanquished.

Grand Total: 38 creatures vanquished

Notes
Turn   | Place    | Note
--------------------------------------------------------------
     0 | D:1      | Barberik the Octopode Transmuter began the quest for the Orb.
     0 | D:1      | Reached XP level 1. HP: 13/13 MP: 3/3
   103 | D:1      | Reached XP level 2. HP: 4/18 MP: 3/5
   381 | D:1      | Reached XP level 3. HP: 7/23 MP: 6/6
  1104 | D:1      | Reached skill level 1 in Stealth
  1737 | D:2      | Reached XP level 4. HP: 24/28 MP: 5/7
  1750 | D:2      | Learned a level 2 spell: Sticks to Snakes
  1754 | D:2      | Learned a level 3 spell: Spider Form
  1791 | D:2      | Reached skill level 1 in Slings
  1896 | D:2      | HP: 1/28 [poisoned by an adder]
  1896 | D:2      | Slain by an adder

Action                   |  1- 3 |  4- 6 || total
-------------------------+-------+-------++-------
Melee: Unarmed           |    59 |     8 ||    67
 Fire: Hunting sling     |    24 |       ||    24
 Cast: Beastly Appendage |    12 |     2 ||    14
       Sticks to Snakes  |       |     5 ||     5
  Use: Potion            |       |     1 ||     1
 Stab: Sleeping          |     6 |     1 ||     7
  Eat: Chunk             |     3 |       ||     3
